Map: Frozen Temple

Players

loppelo - Winner!

  • Race: Terran Terran
  • League: Master

Miszu

  • Race: Terran Terran
  • League: Grandmaster

VOD

Have the link to the VOD?

Description

Time

  • Played on: May 18, 2016, 1:46 p.m.
  • Length: 7:31
Show
View Real Time Build Order
Export as new Build Order

loppelo Terran - Winner!

Build Orders: Reaper Expand 

Get SALT Encoding   

  12  0:00  SCV  
  13  0:12  SCV  
  14  0:18  Supply Depot  
  14  0:25  SCV  
  15  0:39  SCV  
  15  0:42  Barracks  
  16  0:47  Refinery  
  16  0:51  SCV  
  17  1:03  SCV  
  18  1:15  SCV  
  19  1:30  Orbital Command  
  19  1:31  Reaper  
  20  1:43  Command Center  
  20  1:56  SCV  
  20  1:57  Supply Depot  
  20  2:00  Refinery  
  21  2:08  SCV  
  21  2:09  Barracks Reactor  
  22  2:25  Factory  
  22  2:27  SCV  
  23  2:39  SCV  
  24  2:45  Marine x2  
  27  2:51  SCV  
  28  3:00  Orbital Command  
  28  3:03  SCV  
  28  3:12  Starport  
  27  3:15  SCV  
  27  3:16  Barracks Reactor, Hellion x2, Orbital Command  
  32  3:22  Engineering Bay  
  32  3:27  SCV  
  33  3:37  Hellion x2  
  33  3:40  SCV  
  38  3:43  SCV  
  39  3:52  SCV  
  39  3:55  SCV  
  41  3:58  Viking  
  41  3:59  Viking  
  45  4:09  SCV  
  46  4:19  Supply Depot, SCV, Missile Turret  
  46  4:20  Hellion, Missile Turret  
  46  4:21  SCV  
  50  4:32  SCV  
  50  4:35  Missile Turret  
  50  4:37  Supply Depot  
  50  4:38  SCV  
  52  4:44  SCV  
  53  4:49  Barracks Tech Lab  
  50  4:54  Barracks  
  50  4:56  SCV  
  50  4:57  Factory Tech Lab  
  50  5:01  SCV  
  50  5:04  Viking  
  53  5:12  SCV  
  50  5:18  SCV  
  50  5:25  Siege Tank, Stimpack  
  50  5:27  SCV  
  54  5:32  Medivac  
  54  5:34  SCV  
  57  5:39  SCV  
  58  5:43  Marine x3  
  58  5:46  SCV  
  58  5:48  Supply Depot  
  60  6:02  Marine x3, SCV  
  62  6:10  SCV  
  61  6:14  Medivac x2, Siege Tank, SCV  
  65  6:23  Marine x2  
  67  6:25  Barracks  
  67  6:26  Barracks  
  67  6:32  Marine  
  68  6:37  SCV  
  69  6:41  Marine x2  
  69  6:42  Refinery  
  69  6:43  Refinery  
  69  6:46  Barracks  
  71  6:47  Supply Depot x2  
  71  6:49  Marine  
  72  6:56  Siege Tank  
  72  6:58  Marine x2  
  72  7:01  SCV  
  78  7:08  Marine  
Show
View Real Time Build Order
Export as new Build Order

Miszu Terran 

Build Orders: 1/1/1, Banshee Rush 

Get SALT Encoding   

  12  0:00  SCV  
  13  0:13  SCV  
  14  0:18  Supply Depot  
  14  0:25  SCV  
  15  0:35  Refinery  
  15  0:39  SCV  
  16  0:45  Barracks  
  16  0:51  SCV  
  17  1:03  SCV  
  18  1:08  Refinery  
  18  1:16  SCV  
  20  1:34  Orbital Command  
  20  1:36  Marine  
  20  1:40  Factory  
  20  1:44  Supply Depot  
  20  1:53  Marine  
  21  2:00  SCV  
  22  2:11  Marine  
  22  2:13  SCV  
  24  2:25  Starport, SCV  
  24  2:26  Hellion  
  24  2:29  Marine  
  28  2:33  Supply Depot  
  28  2:37  SCV  
  29  2:47  Hellion  
  31  2:54  Marine  
  31  3:01  Medivac  
  31  3:04  Supply Depot  
  35  3:13  Hellion  
  35  3:14  Barracks Tech Lab  
  35  3:31  Command Center  
  35  3:35  Factory Tech Lab  
  35  3:39  SCV  
  35  3:41  Barracks Reactor  
  36  3:42  Cloaking Field  
  36  3:46  Banshee  
  39  3:52  Supply Depot  
  39  4:01  Siege Tank  
  42  4:15  SCV  
  41  4:28  Banshee  
  41  4:31  SCV  
  45  4:37  Command Center  
  45  4:46  Orbital Command  
  45  4:47  SCV  
  46  4:59  SCV  
  46  5:12  SCV  
  38  5:23  SCV  
  38  5:26  Siege Tank  
  41  5:30  SCV  
  41  5:31  Barracks  
  41  5:32  Barracks  
  41  5:33  Starport Reactor  
  41  5:35  Engineering Bay x2, SCV  
  42  5:39  Marine  
  42  5:42  SCV  
  42  5:50  Supply Depot  
  42  5:55  Orbital Command  
  34  6:05  SCV x2  
  29  6:17  SCV x2  
  31  6:22  Barracks Tech Lab, SCV  
  32  6:29  SCV  
  32  6:30  SCV  
  34  6:34  SCV  
  35  6:41  SCV  
  35  6:42  SCV  
  35  6:44  Marine  
  35  6:46  SCV  
  39  6:48  Marine  
  39  6:53  Marine, SCV  
  42  6:54  SCV  
  42  6:57  Marine  
  42  6:59  SCV  
  45  7:04  Marine  
  45  7:05  SCV  
  45  7:06  SCV  
  45  7:07  Marine  
  52  7:11  SCV  
  49  7:28  Refinery x2  
Tags
 
Add a new tag
Caveats
  • Supply blocks, unpowered buildings, or Contaminate may cause inaccurate times.
  • Supply counts are checked every 10 seconds.